 Dungeon Crawl Stone Soup version 0.28-a0-247-gb8bfbab023 (webtiles) character file.

Game seed: 10711812392909534604

2932 siradein the Cleaver (level 9, -4/74 HPs)
             Began as a Deep Dwarf Fighter on Aug 25, 2021.
             Was a Follower of Makhleb.
             Killed by divine providence
             ... invoked by an orc priest
              (8 damage)
             ... on level 7 of the Dungeon.
             The game lasted 00:14:24 (5072 turns).

siradein the Cleaver (Deep Dwarf Fighter)           Turns: 5072, Time: 00:14:26

Health: -4/74      AC:  6    Str: 24    XL:     9   Next: 50%
Magic:  2/2        EV:  8    Int:  8    God:    Makhleb [*.....]
Gold:   338        SH:  8    Dex: 12    Spells: 8/8 levels left

rFire   . . .      SeeInvis .   b - +1 hand axe (flame)
rCold   + . .      Faith    .   c - +0 kite shield
rNeg    . . .      Spirit   .   C - +2 leather armour {rC+}
rPois   .          Reflect  .   r - +0 helmet
rElec   .          Harm     .   (no cloak)
rCorr   .          Rampage  .   (no gloves)
Will    +....                   (no boots)
Stlth   +.........              (no amulet)
HPRegen 0.00/turn               (no ring)
MPRegen 0.08/turn               (no ring)

@: no status effects
A: damage resistance, heal wounds, sense surroundings 2, no regeneration
a: Heal Wounds, Renounce Religion


You were on level 7 of the Dungeon.
You worshipped Makhleb.
Makhleb was aware of your devotion.
You visited 2 branches of the dungeon, and saw 8 of its levels.

You collected 338 gold pieces.

Inventory:

Hand Weapons
 a - a +0 war axe
 b - a +1 hand axe of flaming (weapon)
Missiles
 i - 3 atropa-tipped darts
 q - 30 poisoned darts (quivered)
Armour
 c - a +0 kite shield (worn)
 r - a +0 helmet (worn)
 C - a +2 leather armour of cold resistance (worn)
Wands
 x - a wand of digging (6)
 z - a wand of flame (5)
 A - a wand of charming (14)
Scrolls
 e - 9 scrolls of identify {unknown}
 f - 3 scrolls of immolation
 k - a scroll of vulnerability {unknown}
 l - a scroll of enchant weapon {unknown}
 m - 2 scrolls of blinking {unknown}
 o - a scroll of noise {unknown}
 p - 6 scrolls of teleportation {unknown}
 v - a scroll of amnesia {unknown}
 w - a scroll of holy word {unknown}
 y - a scroll of brand weapon {unknown}
Potions
 d - a potion of might
 g - 2 potions of attraction {unknown}
 h - a potion of flight {unknown}
 j - a potion of resistance {unknown}
 n - a potion of curing {unknown}
 s - a potion of degeneration {unknown}
 t - a potion of invisibility {unknown}
 u - a potion of berserk rage {unknown}
 B - a potion of heal wounds {unknown}
 D - a potion of ambrosia {unknown}


   Skills:
 - Level 2.6 Fighting
 + Level 13.9 Axes
 - Level 3.2 Armour
 - Level 3.2 Shields


You had 8 spell levels left.
You didn't know any spells.
Your spell library contained the following spells:

 Spells                   Type           Power      Damage    Failure   Level
 Sandblast                Erth           0%         2d4       92%         1
 Passwall                 Tmut/Erth      0%         N/A       98%         2
 Slow                     Hex            0%         N/A       98%         2
 Sublimation of Blood     Necr           0%         N/A       98%         2
 Wereblood                Tmut           0%         N/A       98%         2
 Confusing Touch          Hex            0%         N/A       100%        3
 Frozen Ramparts          Ice            0%         1d2       100%        3
 Vampiric Draining        Necr           0%         2d6       100%        3
 Cause Fear               Hex            0%         N/A       100%        4
 Ice Form                 Ice/Tmut       0%         N/A       100%        4
 Petrify                  Tmut/Erth      0%         N/A       100%        4
 Summon Ice Beast         Ice/Summ       0%         N/A       100%        4
 Irradiate                Conj/Tmut      0%         3d13      100%        5
 Lee's Rapid Deconstruct  Erth           0%         3d5*      100%        5
 Dragon Form              Tmut           0%         N/A       100%        7
 Summon Hydra             Summ           0%         N/A       100%        7
 Dragon's Call            Summ           0%         N/A       100%        9


Dungeon Overview and Level Annotations

Branches:
Dungeon (7/15)             Temple (1/1) D:4

Altars:
Ashenzari
Cheibriados
Fedhas
Gozag
Hepliaklqana
Kikubaaqudgha
Makhleb
Nemelex Xobeh
Okawaru
Ru
Sif Muna
Uskayaw
Vehumet
Wu Jian
Xom
Yredelemnul
Zin
The Shining One


Innate Abilities, Weirdness & Mutations

You are resistant to damage.
You can heal yourself by infusing magical energy.
You passively map the area around you.
You do not regenerate.


Message History

You block the centaur's attack.
The centaur kicks you but does no damage.
You block the centaur's attack. The centaur closely misses you.
You hit the centaur. You burn the centaur.
You kill the centaur!
Makhleb accepts your kill.
Things that are here:
a +0 shortbow; 22 arrows Key pressed, stopping explore.
You open the door.
Found a stone staircase leading up.
There is an open door here.
There is an open door here.
Things that are here:
a +0 shortbow; 22 arrows You see here a black bear corpse.
Found a smoky pink potion.
D - a smoky pink potion
Found 10 gold pieces.
An orc wizard comes into view. It is wielding a +0 dagger.
The orc wizard shouts!
You hear a shout!
The orc wizard hits you with a +0 dagger.
An orc priest comes into view. It is wielding a +0 short sword.
You hit the orc wizard but do no damage.
The orc wizard points at you and mumbles some strange words.
The magic dart hits you but does no damage.
You miss the orc wizard. The orc wizard casts a spell at you.
You resist with almost no effort.
You hit the orc wizard but do no damage.
An orc priest comes into view. It is wielding a +0 whip.
The orc wizard barely misses you.
You hit the orc wizard. You burn the orc wizard.
The orc wizard is moderately wounded.
The orc priest mumbles some strange prayers to Beogh against you.
Beogh smites you!
* * * LOW HITPOINT WARNING * * *
The orc priest calls down the wrath of Beogh upon you.
Beogh smites you!
You die...

, * ** * * ,***, ,
, * * ** ** * , , ,
,, , ### ,, , * *
#.# , #.# * *, * *
, , , #.o , * , ,
,#o# *, ,,#o# *, *
, , #@# ,.. , , ,
#.######+#.##
****#...........#
.#####...........#
#.................#
########..........#
#..........##
#...........#
#.........#.##


You could see 2 orc priests and an orc wizard.

Vanquished Creatures
  Pikel (D:4)
  A gargoyle (D:6)
  Grinder (D:3)
  Sigmund (D:3)
  A water moccasin (D:7)
  An orc warrior (D:5)
  2 sky beasts
  3 ogres
  A black bear (D:7)
  2 centaurs (D:7)
  2 phantoms
  A scorpion (D:6)
  2 howler monkeys
  A crimson imp (D:5)
  A centaur skeleton (D:7)
  3 orc priests
  A gnoll shaman (D:6)
  A hound (D:5)
  5 iguanas
  5 orc wizards
  A hound skeleton (D:4)
  4 adders
  10 gnolls
  A white imp (D:5)
  A worm (D:4)
  3 dart slugs
  21 orcs
  2 endoplasms
  2 giant cockroaches
  6 goblins
  5 hobgoblins
  7 jackals
  A quokka (D:1)
  12 ball pythons
  5 bats
  4 kobolds
  3 rats
124 creatures vanquished.

Notes
Turn   | Place    | Note
-------+----------+-------------------------------------------
     0 | D:1      | siradein the Deep Dwarf Fighter began the quest for the
                  | Orb.
     0 | D:1      | Reached XP level 1. HP: 20/20 MP: 1/1
   183 | D:1      | Reached skill level 3 in Axes
   183 | D:1      | Reached XP level 2. HP: 24/27 MP: 2/2
   349 | D:1      | Found a faded altar of an unknown god.
   412 | D:1      | Reached XP level 3. HP: 26/33 MP: 3/3
   418 | D:1      | Reached skill level 4 in Axes
   920 | D:2      | Reached XP level 4. HP: 20/40 MP: 4/4
   937 | D:2      | Reached skill level 5 in Axes
  1476 | D:3      | Noticed Sigmund
  1497 | D:3      | Killed Sigmund
  1498 | D:3      | Reached skill level 6 in Axes
  1498 | D:3      | Reached XP level 5. HP: 13/46 MP: 5/5
  1690 | D:3      | Reached skill level 7 in Axes
  1690 | D:3      | Reached XP level 6. HP: 39/55 MP: 6/6
  1712 | D:3      | Noticed Grinder
  1738 | D:3      | Paralysed by Grinder for 2 turns
  1748 | D:3      | Killed Grinder
  1749 | D:3      | Reached skill level 8 in Axes
  2123 | D:4      | Found a staircase to the Ecumenical Temple.
  2248 | Temple   | Entered the Ecumenical Temple
  2372 | D:4      | Noticed Pikel
  2379 | D:4      | Reached XP level 7. HP: 35/61 MP: 6/6
  2388 | D:4      | Killed Pikel
  2389 | D:4      | Reached skill level 10 in Axes
  2389 | D:4      | Reached XP level 8. HP: 20/68 MP: 7/7
  2577 | D:4      | Found a hazy altar of Hepliaklqana.
  2892 | D:4      | Found a hide-covered altar of Uskayaw.
  3059 | D:5      | Entered Level 5 of the Dungeon
  3072 | D:5      | Reached skill level 11 in Axes
  3208 | D:5      | Found an ornate altar of the Wu Jian Council.
  3251 | D:5      | Found a burning altar of Makhleb.
  3257 | D:5      | Became a worshipper of Makhleb the Destroyer
  3333 | D:5      | Found a broken altar of Ashenzari.
  3435 | D:5      | Found a glowing silver altar of Zin.
  3622 | D:5      | Reached skill level 12 in Axes
  4010 | D:6      | Gained mutation: You passively map the area around you.
                  | [Deep Dwarf growth]
  4010 | D:6      | Reached XP level 9. HP: 28/74 MP: 6/6
  4042 | D:6      | Found a basalt altar of Yredelemnul.
  4119 | D:6      | Found a sacrificial altar of Ru.
  4156 | D:6      | Noticed a gargoyle
  4206 | D:6      | Killed a gargoyle
  4207 | D:6      | Reached skill level 13 in Axes
  4701 | D:7      | Reached * piety under Makhleb
  5072 | D:7      | Killed from afar by an orc priest

Illustrated notes

Levels and vault maps discovered:
D:1:      doesnt_arrival_eight_statues, layout_loops_ring,
          hellmonk_ecumenical_altar_blasted
D:2:      layout_basic
D:3:      layout_rooms, uniq_grinder, uniq_sigmund
D:4:      layout_gridville, lemuel_tele_altar, nicolae_uskayaw_suspiria,
          minmay_temple_entry_junction, grunt_ministairs_9,
          palyth_stone_intersect, kennysheep_generic_room_6, uniq_pikel
D:5:      layout_rooms, makhleb_grotto_becter, pdpol_wu_jian_five_deadly_venoms,
          mainiacjoe_overflow_six_doors_small,
          mainiacjoe_overflow_surrounded_room, amcnicky_mini_corridor_feature
D:6:      layout_loops_corners, general_overflow_altar, lemuel_doored_altar
D:7:      layout_basic, mainiacjoe_overflow_tiny_flanked
Temple:   zaba_magenta_temple

Skill      XL: |  1  2  3  4  5  6  7  8  9 |
---------------+----------------------------+-----
Axes           | 3 4 6 7 8 10 12 13 | 13.9
Fighting       | |  2.6
Armour         | |  3.2
Shields        | |  3.2

Action                   |  1- 3 |  4- 6 |  7- 9 || total
-------------------------+-------+-------+-------++-------
Melee: War axe           |    91 |   102 |   258 ||   451
       Hand axe          |       |       |    53 ||    53
Throw: Dart              |     1 |     2 |       ||     3
 Abil: Heal Wounds       |       |     4 |    21 ||    25
Armor: Scale mail        |    42 |    42 |    77 ||   161
       Leather armour    |       |       |    35 ||    35
Dodge: Dodged            |    23 |    39 |    73 ||   135
Block: Kite shield       |    56 |    62 |   131 ||   249

Table legend: (Time is in decaauts)
 A = Elapsed time spent in this place.
 B = Non-inter-level travel time spent in this place.
 C = Inter-level travel time spent in this place.
 D = Time resting spent in this place.
 E = Time spent auto-exploring this place.
 F = Levels seen in this place.
 G = Mean time per level.
                   A        B        C        D        E       F      G
               +--------+--------+--------+--------+--------+-----+--------+
         Total |   5198 |   4963 |    235 |    117 |   3414 |   8 |  649.8 |
       Dungeon |   5076 |   4841 |    235 |    117 |   3364 |   7 |  725.1 |
        Temple |    121 |    121 |      0 |      0 |     50 |   1 |  121.0 |
               +--------+--------+--------+--------+--------+-----+--------+

Top non-repeatable levels by time:
     D:6: 1006 daAuts
     D:4: 873 daAuts
     D:2: 781 daAuts
     D:1: 776 daAuts
     D:5: 635 daAuts
     D:3: 613 daAuts
     D:7: 389 daAuts
  Temple: 121 daAuts
